Cogmind - Beta 15 *** ADVENTURER MODE // 2025.07.04 @ 13:09:48 Player: MirenBlacksword Result: Destroyed by G-34 Mercenary with Small Laser Performance ------------- Evolutions (0) 0 Regions Visited (1) 200 Robots Destroyed (5) 25 Value Destroyed (122) 122 Prototype IDs (0) 0 Alien Tech Used (0) 0 Bonus (0) 0 TOTAL SCORE: 347 Bonus ------- None Cogmind --------- Core Integrity 0/250 Matter 224/300 Energy 100/100 System Corruption 0% Temperature Cool (6) Movement Core (350) Ox6 Location -10/Materials Parts ------- > --- POWER (1) -------- (None) > --- PROPULSION (2) --- (None) > --- UTILITY (2) ------ Large Storage Unit > --- WEAPON (2) ------- (None) > --- INVENTORY (15) --- Terrain Scanner Terrain Scanner Targeting Computer ECM Suite Small Laser Light Assault Rifle Mining Laser Mining Claw Peak State ------------ > --- POWER ------------ Light Ion Engine > --- PROPULSION ------- Wheel Wheel > --- UTILITY ---------- Structural Scanner Targeting Computer > --- WEAPON ----------- Assault Rifle Grenade Launcher > --- INVENTORY -------- Small Laser Light Assault Rifle [Rating: 7] Favorites ----------- Power Light Ion Engine Engine Light Ion Engine Propulsion Wheel Wheel Wheel Utility Structural Scanner Device Structural Scanner Storage Large Storage Unit Processor Targeting Computer Weapon Assault Rifle Energy Gun Small Laser Ballistic Gun Assault Rifle Launcher Grenade Launcher Build | -11 -10 ------- Run | Yrd Mat Slots Evolved . | . . Power . | . . Propulsion . | . . Utility . | . . Weapon . | . . Parts Attached 9 | 5 4 Power 1 | 1 . Engine 1 | 1 . Core . | . . Reactor . | . . Propulsion 2 | 2 . Treads . | . . Leg . | . . Wheel 2 | 2 . Hover . | . . Flight . | . . Utility 3 | . 3 Device 1 | . 1 Storage 1 | . 1 Processor 1 | . 1 Hackware . | . . Protection . | . . Artifact . | . . Weapon 3 | 2 1 Energy Gun 1 | 1 . Energy Cannon . | . . Ballistic Gun 1 | 1 . Ballistic Cannon . | . . Launcher 1 | . 1 Special Weapon . | . . Impact Weapon . | . . Slashing Weapon . | . . Piercing Weapon . | . . Special Melee Weapon . | . . Unidentified Prototypes . | . . Parts Lost 6 | . 6 Power 1 | . 1 Propulsion 2 | . 2 Utility 1 | . 1 Weapon 2 | . 2 Highest Loss Streak 5 | . 5 To Critical Strikes . | . . Average Backups 5 | . 6 Power . | . . Propulsion . | . . Utility 2 | . 3 Weapon 2 | . 3 Tool/Special . | . . Unused Backups 8 | . 8 Power . | . . Propulsion . | . . Utility 5 | . 5 Weapon 3 | . 3 Tool/Special . | . . Average Slot Usage (%) 88 | . 88 Engine 10 | . 10 Wheel 26 | . 26 Device 12 | . 12 Storage 11 | . 11 Processor 1 | . 1 Ballistic Gun 12 | . 12 Launcher 11 | . 11 Peak Build Rating 7 | 5 7 Average Rating 5 | 3 6 On Entrance 2 | . 5 Naked Turns . | . . Heaviest Build 29 | 6 29 Greatest Support 20 | 20 20 Greatest Overweight (x) 6 | . 6 Average Overweight (x) . | . . Largest Inventory Capacity 15 | 5 15 Average Capacity 11 | 5 13 Most Carried 8 | 1 8 Average Carried 5 | . 6 Final Capacity 15 | 5 15 Final Carried 8 | 1 8 Class Distribution -------------------- 100% | Mutant Dominant Class ---------------- Mutant | -10/Materials Resources | -11 -10 ----------- Run | Yrd Mat Matter Collected 322 | 256 66 Remotely . | . . Salvage Created 95 | 45 50 Parts 6 | . 6 Haulers Intercepted . | . . Recyclers Shooed . | . . Parts Field Recycled . | . . Retrieved Matter . | . . Parts Self-Destructed . | . . Prevented . | . . Kills | -11 -10 ------- Run | Yrd Mat Combat Hostiles Destroyed 5 | 1 4 Guns 2 | 1 1 AOE 3 | . 3 Classes Destroyed 2 | 1 1 Swarmer 2 | . 2 Grunt 3 | 1 2 Best Kill Streak 2 | 1 2 Combat Bots Only 2 | 1 2 Max Kills in Single Turn 1 | 1 1 Gunslinging . | . . Exploded 1 | . 1 Melee . | . . Uniques/NPCs Destroyed . | . . Combat | -11 -10 -------- Run | Yrd Mat Hostile Shots Fired 103 | 3 100 Missed 34 | 2 32 Hits 69 | 1 68 Projectile 69 | 1 68 Critical Strikes 1 | . 1 Damage Taken 625 | 9 616 Core 252 | 9 243 Absorbed by Shields . | . . Ignored by Resistances 193 | 3 190 Core Remaining (%) 96 | 96 . Volleys Fired 12 | 2 10 Largest 2 | 2 2 Hottest 60 | 60 50 Shots Fired 23 | 4 19 Gun 13 | 4 9 Cannon . | . . Launcher 10 | . 10 Special . | . . Kinetic 11 | 2 9 Thermal 2 | 2 . Explosive 10 | . 10 Electromagnetic . | . . Robot Hit Streak 8 | 4 8 Robot Miss Streak . | . . Penetration Max . | . . Secondary Targets . | . . Shots Hit Robots 8 | 4 4 Core Hits 14 | 1 13 Critical Kills . | . . Critical Parts Destroyed . | . . Critical Strikes . | . . Melee Attacks . | . . Impact . | . . Slashing . | . . Piercing . | . . Sneak Attacks . | . . Combat Hostiles . | . . Follow-up Attacks . | . . Damage Inflicted 546 | 49 497 Guns 71 | 49 22 Cannons . | . . Explosions 475 | . 475 Melee . | . . Ramming . | . . Kinetic 49 | 27 22 Thermal 22 | 22 . Explosive 475 | . 475 Electromagnetic . | . . Impact . | . . Slashing . | . . Piercing . | . . Highest Corruption . | . . Average Corruption . | . . Corruption Purged . | . . Corruption Blocked . | . . Overload Shots . | . . Overflow Damage . | . . Projectiles . | . . Explosions . | . . Melee . | . . Knockbacks . | . . Impact . | . . Kinetic . | . . Secondary . | . . Self-Inflicted Damage 46 | . 46 Shots 3 | . 3 Rammed . | . . Targets Rammed . | . . Kicked . | . . Crushed . | . . Highest Temperature 12 | 6 12 Average Temperature 5 | 6 5 Received Heat Transfer 291 | 6 285 Siege Activations . | . . Martial Activations . | . . Shielding Activations . | . . Robots Disrupted . | . . Combat Hostiles . | . . Robots Corrupted . | . . Combat Hostiles . | . . Parts Fried . | . . Impact Corruptions . | . . Robots Melted . | . . Combat Hostiles . | . . Parts Melted . | . . Heat Transferred 50 | 50 . Parts Sabotaged . | . . Parts Stolen . | . . Parts Stripped . | . . Power Chain Reactions . | . . Alert | -11 -10 ------- Run | Yrd Mat Maximum Alert Level . | . . Low Security (%) 100 | 100 100 Level 1 . | . . Level 2 . | . . Level 3 . | . . Level 4 . | . . Level 5 . | . . High Security . | . . Max Security . | . . Peak Influence 86 | 20 86 Initial 11 | . 11 Average 10 | 4 12 Influence Increases 165 | 20 145 Destroy 0b10 Robot/C 100 | 20 80 Destroy Leader 10 | . 10 Destroy Structure 40 | . 40 Lose Combat Pursuer 15 | . 15 Influence Decreases 139 | . 139 Entered New Map 9 | . 9 Time Decay 41 | . 41 Lost Part 50 | . 50 Purge Threat 39 | . 39 Squads Dispatched 2 | . 2 Investigation 2 | . 2 Extermination . | . . Reinforcement . | . . Assault . | . . Garrison . | . . Intercept . | . . Searches Triggered . | . . Construction Impeded . | . . Haulers Reinforced . | . . Active Scanning Responses . | . . Cargo Convoy Interrupts . | . . Stealth | -11 -10 --------- Run | Yrd Mat Distress Signals 1 | . 1 Communications Jammed . | . . Distress Signals . | . . Times Spotted 13 | 1 12 Peak Tracking Total 7 | 1 7 Tactical Retreats 1 | . 1 Traps | -11 -10 ------- Run | Yrd Mat Traps Triggered 2 | . 2 Indirectly . | . . Trap Hack Attempts . | . . Triggered . | . . Disarmed . | . . Reprogrammed . | . . Reused . | . . Traps Extracted . | . . Installed . | . . Triggered . | . . Machines | -11 -10 ---------- Run | Yrd Mat Machines Disabled . | . . Max in Single Turn . | . . Machines Repaired . | . . Machines Dismantled . | . . Machines Sabotaged . | . . Overloaded Fab Kills . | . . Hacking | -11 -10 --------- Run | Yrd Mat Machines Accessed 1 | . 1 Terminals 1 | . 1 Fabricators . | . . Repair Stations . | . . Recycling Units . | . . Scanalyzers . | . . Garrison Access . | . . Total Hacks 3 | . 3 Successful 2 | . 2 Failed 1 | . 1 Catastrophic 1 | . 1 Database Lockouts . | . . Manual . | . . Terminals 3 | . 3 Fabricators . | . . Repair Stations . | . . Recycling Units . | . . Scanalyzers . | . . Garrison Access . | . . Terminal Hacks 2 | . 2 Alert Level 1 | . 1 Unreport Threat 1 | . 1 Fabricator Hacks . | . . Repair Station Hacks . | . . Recycling Unit Hacks . | . . Scanalyzer . | . . Garrison Access Hacks . | . . Unauthorized Hacks . | . . Terminals . | . . Fabricators . | . . Repair Stations . | . . Recycling Units . | . . Scanalyzers . | . . Garrison Access . | . . Data Cores Recovered . | . . Used . | . . Hacking Detections 1 | . 1 Full Trace Events 1 | . 1 Feedback Events . | . . Feedback Blocked . | . . Robot Schematics Acquired . | . . Robots Built . | . . Authchips . | . . Time . | . . Total Robot Build Rating . | . . Part Schematics Acquired . | . . Parts Built . | . . Authchips . | . . Time . | . . Total Part Build Rating . | . . Parts Repaired . | . . Time . | . . Parts Recycled . | . . Recycled Matter . | . . Retrieved Matter . | . . Retrieved Components . | . . Parts Scanalyzed . | . . Part Schematics Acquired . | . . Parts Damaged . | . . Bothacking | -11 -10 ------------ Run | Yrd Mat Used RIF Installer . | . . Robots Hacked . | . . Non-combat . | . . Combat . | . . Robot Hacks Applied . | . . Relay Couplers Released . | . . Fabnet Peak Effective % . | . . Robots Rewired . | . . Allies Hacked . | . . Hacks Repelled . | . . Allies | -11 -10 -------- Run | Yrd Mat Total Allies . | . . Largest Group . | . . Highest-Rated Group . | . . Highest-Rated Ally . | . . Total Orders . | . . Ally Attacks . | . . Total Damage . | . . Kills . | . . Allies Corrupted . | . . Allies Melted . | . . Intel | -11 -10 ------- Run | Yrd Mat Active Infowar (turns) 261 | . 261 Structural 261 | . 261 Robot Analysis Total . | . . Derelict Logs Recovered . | . . Drone Launches . | . . Drone Recoveries . | . . Exploration | -11 -10 ------------- Run | Yrd Mat Turns Passed 355 | 76 279 Spaces Moved 333 | 86 247 Core 24 | 22 2 Treads . | . . Legs . | . . Wheels 309 | 64 245 Hover . | . . Flight . | . . Fastest Speed 50 | 50 80 Average Speed 89 | 72 95 Slowest Speed 350 | 80 350 Overloaded Moves . | . . Propulsion Burnouts . | . . Robots Hopped . | . . Potential Cave-ins . | . . Cave-ins Triggered . | . . Exploration Rate (%) 23 | 9 37 Regions Visited 1 Branch Regions . Pre-discovered Areas . | . . Known Exits Taken . | . . Unknown Exits Taken 1 | 1 . Scrap Searched . | . . Spaces Dug . | . . Terrain Destroyed 45 | . 45 Melee . | . . Projectile . | . . AOE 45 | . 45 Terrain Rammed . | . . Walls Destroyed . | . . Machines Disabled . | . . Actions | -11 -10 --------- Run | Yrd Mat Total 364 | 93 271 Wait . | . . Move 332 | 85 247 Hop . | . . Pick Up 8 | 1 7 Fast Attach 9 | 5 4 Attach . | . . Detach 1 | . 1 Swap . | . . Drop 2 | . 2 Fire 12 | 2 10 Melee . | . . Ram . | . . Kick . | . . Crush . | . . Escape Stasis . | . . Rewire . | . . Trap . | . . Miscellaneous . | . . Route ------- -11/Scrapyard -10/Materials (discovered 1 exit: [*Mat]) History --------- Turn | Location | Event 2 | -11/Scrapyard | Met Revision 17 54 | -11/Scrapyard | Discovered new exit (range 8) 77 | -11/Scrapyard | Entered Materials 318 | -10/Materials | Build established: Mutant 328 | -10/Materials | Discovered new exit (range 14) 341 | -10/Materials | Core integrity fell below 50% 353 | -10/Materials | Core integrity fell below 20% 356 | -10/Materials | Destroyed by G-34 Mercenary with Small Laser Last Messages --------------- W-16 Scout distress signal alerts nearby ally. U-05 Engineer lays Concrete. Lgt. Ion Engine destroyed. U-05 Engineer lays Concrete. U-05 Engineer builds a Wall. Connecting with Terminal... G-34 Mercenary destroyed. The unstable cave ceiling collapses. Aluminum Leg crushed. Assault Rifle destroyed. Wheel destroyed. Grenade Launcher destroyed. EXIT=FOUND Triggered Alarm Trap. An alarm sounds. ALERT: Alarm triggered, dispatching investigation squad. The unstable cave ceiling collapses. Structural Scanner destroyed. Wheel destroyed. Map ----- +----------------------------------------------------+ | #### ##???????????????????? | | ##### ######### ##???????????????????? | | ! ##### ######### ?????????????????????? | | + # ?????????????????????? | | ##### # # ?????????????????????? | | ##### | # ?????????????????????? | | ############ """ # ?????????????????????? | | ############ """""# ?????????????????????? | | ####[%! """""# ?????????????????????? | | #### """"" """""# ?????????????????????? | | #### ""T""* """ # # ???????????????????? | | #### # # # "" ????????????????? | | ##+####### ####+#+## + ?????????????????? | | # ######! # ???????????????????? | | ! # ##?##! # ???????????????????? | | # ##?##! # ???????????????????? | | = # ##?##! g ####### ???????????????????? | | # ##?##! ###???????????????????? | | # ##?###! T" ##????????????????????? | | + ##?###### " ##????????????????????? | | # ##??##### g ##????????????????????? | | # ##?????####### gg ##????????????????????? | | # ##?????########g ###????????????????????? | | ### ##??????????### ###????????????????????? | | ### ##???????????## ##?????????????????????? | | ?#########???????????## <@##?????????????????????? | | ?#########???????????## ##?????????????????????? | | ?????????????????????#######?????????????????????? | | ?????????????????????#######?????????????????????? | | ?????????????????????????????????????????????????? | | ?????????????????????????????????????????????????? | | ?????????????????????????????????????????????????? | | ?????????????????????????????????????????????????? | | | | | | | | | | | | | | | | | | | | | | | | | | | | | | | | | | | +----------------------------------------------------+ Best States ------------- Heat Dissipation 25 Energy Generation 10 Energy Capacity 125 Matter Stores 300 Matter Capacity 300 Sight Range 16 Terrain Scan Density 10 Resistance: KI 20 Resistance: TH 20 Resistance: EX 20 Resistance: EM 20 Resistance: I 20 Resistance: S 20 Resistance: P 20 Evasion (%) 50 Targeting Accuracy 5 Offensive Hacking 10 Item Schematics ----------------- None Robot Schematics ------------------ None Fabricated ------------ Nothing Repaired ---------- Nothing Alien Tech Used ----------------- None Achievements -------------- Everything Is Under Control One Hack Too Far Challenges ------------ None Game ------ Seed ActiveImpactDoomcannon Manual? 0 Play Time 00:11:58 Cumulative 1.0 hours Start 2025.07.04 @ 12:58:33 End 2025.07.04 @ 13:09:48 Sessions 1 Manual Loads 0 Difficulty Adventurer Special Mode None Game No. 2 Rogue 0 Adventurer 2 Explorer 0 Win Type - Total 0 Types 0/0/0/0/0/0/0/0/0/0 Lore% 0 Gallery% 3 Achievement% 2 Wizard Run 0 Options --------- Layout 1 ASCII 0 Keyboard 0 Movement Arrows Keybinds 0 Fullscreen 1 Font 24/Smallcaps Map View 50x35 Zoom Use 0% Tactical HUD 0 Map Filters NONE Filters NONE Steam 1 RUN: a2bf51d5-a2cc-4b7f-9b36-39b3609bf2f0